Mecha, chaotic female elven Wizard -------- .......| ---.|...| |.@.|...| |M---.|.--- .? ..|...| -- ---.| ..| --- Mecha the Magician Experience level: 10 Strength: 25 Dexterity: 15 Constitution: 14 Intelligence: 16 Wisdom: 12 Charisma: 10 Health: 0(61) Energy: 128(128) AC: 2 Gold: 0 Moves: 7728 Your Inventory: Weapons T - 3 uncursed +0 elven daggers U - an uncursed +0 crude dagger [orcish] (weapon in hand) X - 4 blessed +2 daggers (in quiver) Armor b - an uncursed burnt +0 cloak of magic resistance (being worn) u - an uncursed +0 studded leather armor (being worn) v - an uncursed rusty +0 pair of gauntlets of power (being worn) w - an uncursed rotted +0 pair of speed boots (being worn) z - an uncursed rusty +3 helmet (being worn) Z - a blessed greased fireproof +2 T-shirt (being worn) Comestibles y - 2 [uncursed] food rations Scrolls p - 3 uncursed scrolls labeled AQUE BRAGH [of teleportation] q - 2 cursed scrolls labeled AQUE BRAGH [of teleportation] x - an [uncursed] scroll labeled DAIYEN FOOELS [of create monster] A - an [uncursed] scroll labeled LEP GEX VEN ZEA [of identify] F - an uncursed scroll labeled JUYED AWK YACC [of fire] H - a cursed scroll labeled DAIYEN FOOELS [of create monster] I - an uncursed scroll labeled PRIRUTSENIE [of confuse monster] V - an uncursed scroll labeled ABRA KA DABRA [of genocide] Potions f - a cursed brown potion [of hallucination] g - a cursed gooey potion [of gain energy] D - an [uncursed] blood-red potion [of blood] J - 2 uncursed potions of healing Rings d - an uncursed ring of see invisible (on right hand) e - an uncursed ring of teleport control (on left hand) C - a [cursed +1] ruby ring [of gain constitution] Wands N - an uncursed wand of digging [0:1] Tools l - an uncursed stethoscope m - an uncursed blindfold n - 2 [uncursed tallow] candles B - an uncursed bag called holding [of holding] L - an uncursed key [skeleton key] R - an uncursed [+0] unicorn horn W - an uncursed [oil] lamp called oil (lit) (0:986) Gems h - an uncursed stone called touchstone [touchstone] Contents of the bag of holding: 3411 gold pieces a [cursed +2] bow [of telepathy and aggravation] 2 uncursed food rations an uncursed lizard corpse an [uncursed] pear an uncursed scroll of magic mapping an uncursed dark green potion [of blindness] an uncursed potion of booze 2 uncursed potions of healing an uncursed potion of oil an uncursed emerald ring [of poison resistance] an uncursed engagement ring [of sustain ability] an uncursed wand of opening (0:4) a cursed wand of sleep [0:1] an uncursed leather drum an uncursed magic whistle an uncursed tin whistle an uncursed stone called touchstone [touchstone] an uncursed white gem [worthless glass] Spells known in the end: Name Level Category Fail Memory a - force bolt 1 attack 47% [|||||...] b - cure sickness 3 healing 100% [|||||...] c - detect monsters 1 divination 47% [||||||||] d - protection 1 clerical 47% [|||||||.] Your skills at the end: Fighting Skills Weapon Skills dagger [Skilled / Expert] quarterstaff [Basic / Expert] Spellcasting Skills attack spells [Basic / Expert] enchantment spells [Basic / Skilled] Final Attributes: You were piously aligned. Hunger level was 455. Your alignment was 48 / 48. Monster difficulty range was 1 - 10. Level difficulty was 11. You were immune to sleep. You resisted poison. You were magic-protected. You saw invisible. You were telepathic. You had infravision. You had teleport control. You were very fast. Your luck was zero. You are dead. Vanquished creatures: a vampire lord a ghost a large mimic a pyrolisk a large cat a tengu an elf mummy a succubus a chameleon 2 giant beetles a quivering blob 2 spotted jellies an iron piercer an ice vortex a black light a vampire bat a brown pudding an owlbear a yeti 3 lizards a dwarf lord a gray unicorn 2 dust vortices 6 human zombies a rope golem a snow ant 7 bugbears a water nymph 5 Uruk-hai 2 yellow lights a shrieker a violet fungus 8 gnome lords a kobold mummy a guardian naga hatchling 2 gray oozes a barrow wight 4 elf zombies a wax golem a baby crocodile 4 giant ants 4 floating eyes 2 kittens 11 dwarves a kobold lord 4 rothes a monkey 2 orc zombies 4 dwarf zombies a wererat a werejackal 3 iguanas 6 killer bees 5 hobbits 9 manes 4 hobgoblins a brown mold 2 yellow molds 46 gnomes 3 gnome zombies 2 geckos 7 jackals 2 foxes 2 kobolds 3 goblins 3 sewer rats 7 grid bugs 5 lichens 3 newts 220 creatures vanquished. Voluntary challenges: You used a wielded weapon 287 times. You read items or engraved 6 times. You put on armor 25 times. You never genocided any monsters. You never polymorphed an object. You never changed form. You used 1 wish. You did not wish for any artifacts. You wrote Elbereth's name 1 time. You encountered 3 bones levels. You never used any Sokoban shortcuts. Dungeon overview: The Dungeons of Doom: levels 1 to 6 Level 1 a long staircase Level 2 an armor shop stairs to The Gnomish Mines Level 3 a potion shop Level 4 a general store Level 5 a throne Level 7 many fountains The Gnomish Mines: levels 3 to 11 Level 3 stairs to The Dungeons of Doom Level 6 some shops, a temple, a magic chest, some fountains Level 11 <- You were here History has recorded: On T:1 you entered the Dungeons of Doom to retrieve the Amulet of Yendor! On T:436 you advanced to experience level 2. On T:569 you reached level 2 of The Dungeons of Doom. On T:1329 you advanced to experience level 3. On T:1459 you reached level 3 of The Dungeons of Doom. On T:1494 you advanced to experience level 4. On T:1999 you reached level 4 of The Dungeons of Doom. On T:2022 you advanced to experience level 5. On T:2361 you reached level 5 of The Dungeons of Doom. On T:2451 you advanced to experience level 6. On T:2688 you advanced to experience level 7. On T:3056 you reached level 6 of The Dungeons of Doom. On T:3525 you advanced to experience level 8. On T:4622 you reached level 1 of The Gnomish Mines. On T:4926 you reached level 2 of The Gnomish Mines. On T:5450 you reached level 3 of The Gnomish Mines. On T:5477 you reached level 5 of The Gnomish Mines. On T:5504 you advanced to experience level 9. On T:5763 you reached level 6 of The Gnomish Mines. On T:5812 you reached level 4 of The Gnomish Mines. On T:7505 you wished for "blessed greased fireproof +2 T-Shirt". On T:7584 you advanced to experience level 10. On T:7715 you reached level 9 of The Gnomish Mines. Latest messages: You hit the vampire lord! The vampire lord hits! The vampire lord bites! Your blood is being drained! [HP-8=49] You hit the vampire lord! The vampire lord hits! The vampire lord bites! Your blood is being drained! [HP-10=39] You destroy the vampire lord! D - a blood-red potion. [HP+1=40] You hit the ettin mummy! The ettin mummy hits! The ettin mummy just misses! [HP-7=33] You hit the ettin mummy! (2x) The ettin mummy hits! (2x) [HP-10=23] You hit the ettin mummy! (2x) The ettin mummy hits! (2x) [HP-10=13] You hit the ettin mummy! The ettin mummy hits! (2x) You die... Final status: Goodbye Mecha the Wizard... You died in The Gnomish Mines on dungeon level 11 with 18739 points, and 3411 pieces of gold, after 7728 moves. You were level 10 with a maximum of 61 hit points when you died.